 Dungeon Crawl Stone Soup version 0.22-a0-358-g7563fe7 (webtiles) character file.

7 ololoev the Firebug (level 1, 0/10 HPs)
             Began as a Deep Elf Fire Elementalist on Apr 18, 2018.
             Succumbed to a goblin's poison
             ... on level 1 of the Dungeon.
             The game lasted 00:01:21 (165 turns).

ololoev the Firebug (Deep Elf Fire Elementalist)     Turns: 165, Time: 00:01:22

Health: 0/10       AC:  2    Str:  5    XL:     1   Next: 83%
Magic:  4/6        EV: 13    Int: 19    God:
Gold:   0          SH:  0    Dex: 19    Spells: 5/6 levels left

rFire    . . .     SeeInvis .   (no weapon)
rCold    . . .     Gourm    .   (no shield)
rNeg     . . .     Faith    .   a - +0 robe
rPois    .         Spirit   .   (no helmet)
rElec    .         Reflect  .   (no cloak)
rCorr    .         Harm     .   (no gloves)
MR       .....                  (no boots)
Stlth    ++........             (no amulet)
HPRegen  0.03/turn              e - +4 ring of dexterity
MPRegen  0.10/turn              (no ring)

@: lethally poisoned (0 -> -7)
A: no striking features
a: no special abilities

Inventory:

Hand Weapons
 f - a +2 dagger of venom
Armour
 a - a +0 robe (worn)
Jewellery
 e - a +4 ring of dexterity (left hand)
Scrolls
 b - a scroll of teleportation {unknown}
Comestibles
 c - a ration
 d - 6 chunks of flesh


   Skills:
 - Level 2.4 Dodging
 - Level 2.4 Stealth
 + Level 3.2 Spellcasting
 + Level 1.5 Conjurations
 + Level 3.4 Fire Magic


You had 5 spell levels left.
You knew the following spells:

 Your Spells              Type           Power        Failure   Level  Hunger
a - Flame Tongue          Conj/Fire      ##...        5%          1    None


You were on level 1 of the Dungeon.
You were not hungry.

You visited 1 branch of the dungeon, and saw 1 of its levels.

# . . ## #### . ..# #
#.#
#######.################
................@.......
#######.################
.# #.# .# #.# .######.#
.........
.....###############
.#...#.............#
.##..#.............#

Notes
Turn   | Place    | Note
-------+----------+-------------------------------------------
     0 | D:1      | ololoev the Deep Elf Fire Elementalist began the quest for the Orb.
     0 | D:1      | Reached XP level 1. HP: 10/10 MP: 6/6
   165 | D:1      | Succumbed to a goblin's poison

Dungeon Overview and Level Annotations

Branches:
Dungeon (1/15)

Altars:


Message History

Confirm with . or Enter, or press ? or * to list all spells.
Aiming: Flame Tongue (safe; 6% risk of failure)
Press: ? - help, Shift-Dir - straight line, f/p - hobgoblin
Aim: a hobgoblin (heavily wounded)
The flame tongue misses the hobgoblin.
The hobgoblin barely misses you.
Casting: Flame Tongue (safe; 6% risk of failure)
Confirm with . or Enter, or press ? or * to list all spells.
Aiming: Flame Tongue (safe; 6% risk of failure)
Press: ? - help, Shift-Dir - straight line, f/p - hobgoblin
Aim: a hobgoblin (heavily wounded)
The flame tongue hits the hobgoblin.
You kill the hobgoblin!
You see here a hobgoblin corpse.
You butcher the hobgoblin corpse.
d - 5 chunks of flesh (gained 3)
You see here a hobgoblin skeleton.
You start resting.
Magic restored.
HP restored.
A bat comes into view.
Found a blackened emerald ring.
Found a stone staircase leading down.
Casting: Flame Tongue (safe; 5% risk of failure)
Confirm with . or Enter, or press ? or * to list all spells.
Aiming: Flame Tongue (safe; 5% risk of failure)
Press: ? - help, Shift-Dir - straight line, f - bat
Aim: a bat (resting)
The flame tongue hits the bat.
You kill the bat!
e - a blackened emerald ring Put on which piece of jewellery? (? for menu, Esc to quit)
You feel agile.
e - a +4 ring of dexterity (left hand)
A bat comes into view.
The bat hits you but does no damage.
Casting: Flame Tongue (safe; 5% risk of failure)
Confirm with . or Enter, or press ? or * to list all spells.
Aiming: Flame Tongue (safe; 5% risk of failure)
Press: ? - help, Shift-Dir - straight line, f - bat
Aim: a bat The flame tongue hits the bat.
You kill the bat!
A goblin comes into view. It is wielding a dagger of venom.
You see here a bat corpse.
You butcher the bat corpse.
You see here a chunk of flesh.
d - 6 chunks of flesh (gained 1)
The goblin shouts!
Casting: Flame Tongue (safe; 5% risk of failure)
Confirm with . or Enter, or press ? or * to list all spells.
Aiming: Flame Tongue (safe; 5% risk of failure)
Press: ? - help, Shift-Dir - straight line, f - goblin
Aim: a goblin, wielding a dagger of venom The flame tongue misses the goblin.
Casting: Flame Tongue (safe; 5% risk of failure)
Confirm with . or Enter, or press ? or * to list all spells.
Aiming: Flame Tongue (safe; 5% risk of failure)
Press: ? - help, Shift-Dir - straight line, f/p - goblin
Aim: a goblin, wielding a dagger of venom The flame tongue hits the goblin.
The goblin is heavily wounded.
The goblin hits you with a dagger of venom.
You are lethally poisoned!
Casting: Flame Tongue (safe; 5% risk of failure)
Confirm with . or Enter, or press ? or * to list all spells.
Aiming: Flame Tongue (safe; 5% risk of failure)
Press: ? - help, Shift-Dir - straight line, f/p - goblin
Aim: a goblin, wielding a dagger of venom (heavily wounded)
The flame tongue hits the goblin.
You kill the goblin!
You feel sick.
You feel sick.
You see here a dagger of venom.
f - a dagger of venom You aren't carrying any potions.
Unknown command.
You feel sick.
You feel sick.
You feel sick.
You feel sick.
You die...

There were no monsters in sight!

Vanquished Creatures
  A goblin (D:1)
  2 hobgoblins (D:1)
  A kobold (D:1)
  2 bats (D:1)
6 creatures vanquished.

Action                   || total
-------------------------++-------
 Cast: Flame Tongue      ||    13
Armor: Robe              ||     1
Dodge: Dodged            ||     1

Vault maps used:
D:1:      lemuel_arrival_hallway, interstate_on_off, minivault_19
